 Seeded DCSS version 0.27-a0-988-g25969acef8 (webtiles) character file.

Game seed: 16989952797484863983 (custom seed)

2963 karrick the Carver (level 9, -11/63 HPs)
             Began as a Djinni Gladiator on Apr 15, 2021.
             Mangled by an ogre
             ... wielding a +0 giant club
              (21 damage)
             ... on level 7 of the Dungeon.
             The game lasted 00:20:21 (10525 turns).

karrick the Carver (Djinni Gladiator)              Turns: 10525, Time: 00:20:21

Health: -11/63     AC:  5    Str: 15    XL:     9   Next: 81%
Gold:   389        EV: 14    Int: 11    God:
                   SH:  0    Dex: 15

rFire    + + +     SeeInvis .   e - +5 falchion
rCold    x x .     Faith    .   (no shield)
rNeg     + . .     Spirit   .   b - +0 leather armour
rPois    ∞         Reflect  .   c - +0 helmet
rElec    .         Harm     .   k - +0 cloak
rCorr    .         Rampage  .   (no gloves)
Will     +....                  (boots unavailable)
Stlth    ++........             (no amulet)
HPRegen  0.20/turn              u - ring of willpower
MPRegen  0.00/turn              E - ring of Wynell {Fire rPois rN+ Slay+2}

@: flying, very slightly contaminated
A: fire resistance 2, cold vulnerability 1, float, innate caster, hp casting,
extra vitality 1
a: no special abilities


You were on level 7 of the Dungeon.
You visited 1 branch of the dungeon, and saw 7 of its levels.
You also visited: Ossuary.

You collected 389 gold pieces.

Inventory:

Hand Weapons
 a - a +4 quarterstaff of chaos
 e - a +5 falchion (weapon)
 y - a +1 dagger of electrocution
 z - the +7 rapier of Balance {drain, rN++ Will+ rCorr Int-3}
   (You found it on level 5 of the Dungeon)

   A truly terrible weapon, it drains the life of those it strikes.
   It affects your intelligence (-3).
   It greatly protects you from negative energy.
   It protects you from acid and corrosion.
   It increases your willpower.
 F - a +2 morningstar of venom
Missiles
 d - 3 throwing nets (quivered)
Armour
 b - a +0 leather armour (worn)
 c - a +0 helmet (worn)
 k - a +0 cloak (worn)
 n - a +0 chain mail
Magical Staves
 o - a staff of conjuration
Jewellery
 g - an amulet of magic regeneration
 u - a ring of willpower (left hand)
 E - the ring of Wynell (right hand) {Fire rPois rN+ Slay+2}
   (You found it on level 4 of the Dungeon)

   [ring of fire]

   It enhances your fire magic.
   It affects your accuracy and damage with ranged weapons and melee attacks
   (+2).
   It protects you from fire.
   It makes you vulnerable to cold.
   It protects you from poison.
   It protects you from negative energy.
Wands
 m - a wand of flame (16)
Scrolls
 i - 3 scrolls of vulnerability
 l - a scroll of acquirement
 p - a scroll of immolation
 q - 2 scrolls of blinking
 r - a scroll of teleportation {unknown}
 x - a scroll of amnesia {unknown}
 B - a scroll of magic mapping
 D - 2 scrolls of noise {unknown}
Potions
 f - 2 potions of mutation {unknown}
 h - 5 potions of lignification {unknown}
 j - 3 potions of heal wounds {unknown}
 s - 2 potions of curing {unknown}
 t - 2 potions of might {unknown}
 v - a potion of flight {unknown}
 w - 2 potions of resistance {unknown}
 A - a potion of brilliance {unknown}
 C - a potion of attraction {unknown}


   Skills:
 + Level 4.7 Fighting
 + Level 8.0 Long Blades
 + Level 1.6 Throwing
 + Level 4.0 Armour
 + Level 6.2 Dodging
 + Level 2.7 Stealth
 + Level 3.5 Unarmed Combat
 + Level 3.7 Spellcasting


You had 6 spell levels left.
You knew the following spells:

 Your Spells              Type           Power      Damage    Failure   Level
a - Summon Small Mammal   Summ           40%        N/A       6%          1
b - Poisonous Vapours     Pois/Air       20%        N/A       10%         2
c - Spider Form           Tmut/Pois      5%         N/A       19%         3
d - Call Canine Familiar  Summ           10%        N/A       19%         3
Your spell library was empty.

Dungeon Overview and Level Annotations

Branches:
Dungeon (7/15)             Temple (0/1) D:7         Ossuary (visited)

Altars:
Dithmenos
Qazlal
Zin
The Shining One

Shops:
D:3 [   D:5 =

Annotations:
D:4 2 runed translucent doors


Innate Abilities, Weirdness & Mutations

You are immune to poison.
Your flesh is very heat resistant. (rF++)
You are vulnerable to cold. (rC-)
You float through the air rather than walking.
You learn spells naturally, not from books.
Your magical power is your life essence.
You have superior vitality. (+4 HP)


Message History

HP restored.
You reach down and open the door.
There is an open door here.
Found a stormy altar of Qazlal.
No reachable target in view!
An ogre comes into view. It is wielding a +0 giant club.
Casting: Summon Small Mammal (safe; 6% risk of failure)
Confirm with . or Enter, or press ? or * to list all spells.
Aiming: Poisonous Vapours (safe; 10% risk of failure)
Press: ? - help, Dir - move target, f - ogre
Aim: an ogre, wielding a +0 giant club (wandering, hasn't noticed you)
You miscast Poisonous Vapours.
You are very lightly contaminated with residual magic.
Nothing appears to happen.
The ogre shouts!
Casting: Poisonous Vapours (safe; 10% risk of failure)
Confirm with . or Enter, or press ? or * to list all spells.
Aiming: Poisonous Vapours (safe; 10% risk of failure)
Press: ? - help, Dir - move target, f/p - ogre
Aim: an ogre, wielding a +0 giant club Poisonous vapours surround the ogre!
The ogre is engulfed in poison gas.
The ogre is poisoned.
You slash the ogre!
The ogre is severely wounded.
The ogre hits you with a +0 giant club!!
You barely miss the ogre.
The ogre is severely wounded.
Unknown command.
The gnoll shouts!
You hit the ogre.
The ogre is severely wounded.
The ogre hits you with a +0 giant club!!
* * * LOW HITPOINT WARNING * * *
Unknown command.
Casting: Poisonous Vapours (safe; 10% risk of failure)
Confirm with . or Enter, or press ? or * to list all spells.
* * * LOW HITPOINT WARNING * * *
The ogre looks more healthy.
The ogre hits you with a +0 giant club!!
You die...

.#........### *.#*,******,,,***,
.#.####.#...# #.#,..,,,,,,*,,,,,
.#.####.#...# #.#..#*,,,,,,*,,**
............# #.#..#*,.,,,.#...<
.#.####.....# #.#..##g..........
.#.# #.....# #.#...............
.#.# #.....####..r.##..#........
.#.####...#......................
.#..............@.........##...#.
.##.....#........O...........g.g.
..'.....'.#.##............#*#..##
###.....###..............####..##
........# #.####.##.....).:.....g
.########*####...##.##..#.###>..#
.#,,,,,,,,,,,###.##.##..#.# #...#
.#,,,,,,,,,,,* ####.##..#.# #....
.#,,,,,,,,,,,* *#.###.#.#*#.#..


You could see an ogre (ally target), a gnoll and a friendly rat (summoned).

Vanquished Creatures
  Grinder (D:3)
  Sigmund (D:2)
  Eustachio (D:5)
  A wyvern (D:4)
  4 water moccasins
  An orc warrior (D:4)
  A black bear (D:6)
  A sky beast (D:6)
  2 ogres (D:6)
  2 centaurs
  A bullfrog (D:7)
  An elf zombie (Ossuary)
  2 scorpions (D:5)
  A howler monkey (D:5)
  2 jellies
  4 hounds
  Crazy Yiuf (D:2)
  3 centaur zombies (Ossuary)
  An orc priest (D:6)
  Ijyb (D:3)
  2 bullfrog skeletons
  A centaur skeleton (D:6)
  A gnoll shaman (D:6)
  2 iguanas
  A hound skeleton (D:5)
  2 mummies (Ossuary)
  Robin (D:3)
  6 gnolls
  7 adders
  A shadow imp (D:6)
  A white imp (D:7)
  An ufetubus (D:5)
  An adder skeleton (D:4)
  An adder zombie (D:4)
  4 worms
  2 dart slugs
  10 orcs
  5 ball pythons
  2 bats
  A bat skeleton (D:2)
  13 endoplasms
  2 giant cockroaches
  16 goblins
  12 hobgoblins
  3 jackals
  6 quokkas
  2 frilled lizards
  A goblin zombie (D:7)
  7 hobgoblin zombies (Ossuary)
  4 jackal zombies (Ossuary)
  11 kobolds
  13 kobold zombies (Ossuary)
  8 orc zombies (Ossuary)
  5 rats (D:1)
187 creatures vanquished.

Vanquished Creatures (collateral kills)
  An ogre (D:4)
  A centaur (D:4)
  An orc (D:4)
  A goblin (D:2)
  An orc zombie (Ossuary)
5 creatures vanquished.

Vanquished Creatures (others)
  2 fungi (D:2)
2 creatures vanquished.

Grand Total: 194 creatures vanquished

Notes
Turn   | Place    | Note
-------+----------+-------------------------------------------
     0 | D:1      | karrick the Djinni Gladiator began the quest for the Orb.
     0 | D:1      | Reached XP level 1. HP: 18/18 MP: 0/0
   160 | D:1      | Reached XP level 2. HP: 22/23 MP: 0/0
   378 | D:1      | Reached skill level 3 in Long Blades
   466 | D:1      | Reached XP level 3. HP: 27/28 MP: 0/0
   466 | D:1      | Learned a level 1 spell: Summon Small Mammal
  1065 | D:2      | Reached skill level 1 in Armour
  1408 | D:2      | Reached XP level 4. HP: 23/34 MP: 0/0
  1793 | D:3      | Noticed Grinder
  1793 | D:3      | Noticed Ijyb
  2260 | D:2      | Noticed Sigmund
  2307 | D:3      | Killed Ijyb
  2308 | D:3      | Reached XP level 5. HP: 29/39 MP: 0/0
  2308 | D:3      | Learned a level 2 spell: Poisonous Vapours
  2380 | D:4      | Noticed an ogre
  2563 | D:5      | Entered Level 5 of the Dungeon
  2611 | D:5      | Noticed Eustachio
  2965 | D:4      | Reached skill level 4 in Long Blades
  2999 | D:4      | Found a large runed translucent door.
  2999 | D:4      | Noticed a wyvern
  2999 | D:4      | Noticed a centaur
  3000 | D:4      | Found a large runed translucent door.
  3003 | D:4      | Found a large runed translucent door.
  3050 | D:4      | Found a large runed translucent door.
  3062 | D:4      | Noticed a centaur
  3068 | D:4      | Killed a centaur
  3069 | D:4      | Reached XP level 6. HP: 40/46 MP: 0/0
  3191 | D:4      | Noticed an orc warrior
  3227 | D:4      | Killed an orc warrior
  3228 | D:4      | Reached skill level 1 in Spellcasting
  3812 | D:4      | Reached skill level 5 in Long Blades
  3920 | D:4      | Reached XP level 7. HP: 50/50 MP: 0/0
  3920 | D:4      | Learned a level 3 spell: Spider Form
  4434 | D:3      | Killed Grinder
  4539 | D:3      | Found Pues Heor's Armour Shoppe.
  4810 | D:3      | Noticed Robin
  4839 | D:3      | Killed Robin
  5419 | D:2      | Killed Sigmund
  5420 | D:2      | Reached skill level 6 in Long Blades
  5420 | D:2      | Reached skill level 1 in Stealth
  5420 | D:2      | Reached skill level 1 in Unarmed Combat
  5420 | D:2      | Reached XP level 8. HP: 12/56 MP: 0/0
  5665 | D:2      | Found a glowing golden altar of the Shining One.
  5781 | D:2      | Found a runed translucent door.
  5782 | D:2      | Noticed Crazy Yiuf
  5861 | D:2      | Killed Crazy Yiuf
  6561 | D:5      | Reached skill level 5 in Dodging
  6813 | D:5      | Killed Eustachio
  7016 | D:5      | Found Midghuib's Jewellery Emporium.
  7379 | D:5      | Identified the +7 rapier of Balance {drain, rN++ Will+
                  | rCorr Int-3}
  7761 | D:6      | Found a shadowy altar of Dithmenos.
  8014 | D:6      | Reached XP level 9. HP: 62/62 MP: 0/0
  8014 | D:6      | Learned a level 3 spell: Call Canine Familiar
  8149 | D:6      | Reached skill level 7 in Long Blades
  8591 | D:6      | Found a glowing silver altar of Zin.
  8954 | D:7      | Identified a scroll of acquirement
  9083 | D:7      | Found a sand-covered staircase.
  9090 | Ossuary  | Entered an ossuary
  9922 | D:4      | Identified the ring of Wynell {Fire rPois rN+ Slay+2}
 10210 | D:6      | Reached skill level 8 in Long Blades
 10497 | D:7      | Found a stormy altar of Qazlal.
 10525 | D:7      | Mangled by an ogre

Illustrated notes

Levels and vault maps discovered:
D:1:      moated_graveyard_arrival, layout_basic
D:2:      minmay_recursive_quarters, layout_loops_ring, basic_altar,
          minmay_fountain_box, uniq_sigmund, uniq_crazy_yiuf_cottage
D:3:      layout_basic, serial_shops, shop, st_stairs_2, uniq_robin,
          uniq_grinder, uniq_ijyb
D:4:      layout_cave_pods, minmay_hollow_rounded_squares
D:5:      layout_basic, serial_shops, kennysheep_mini_moat, uniq_eustachio
D:6:      cheibrodos_two_vegetables, layout_loops_ring, amcnicky_altar_gilded,
          zin_academy
D:7:      cheibrodos_helix_gallery, layout_basic,
          nicolae_hepliaklqana_ecumenical_no_more,
          nicolae_qazlal_eye_of_the_storm, nicolae_wu_jian_wuxing_cycle,
          minmay_temple_entry_junction, enter_ossuary_3, minivault_26

Skill      XL: |  1  2  3  4  5  6  7  8  9 |
---------------+----------------------------+-----
Long Blades    | 3 4 5 6 8 |  8.0
Dodging        | 4 5 6 |  6.2
Armour         | 1 2 3 4 |  4.0
Fighting       | 3 4 |  4.7
Spellcasting   | 1 2 3 |  3.7
Stealth        | 1 2 |  2.7
Unarmed Combat | 1 2 3 |  3.5
Throwing       | |  1.6

Action                   |  1- 3 |  4- 6 |  7- 9 || total
-------------------------+-------+-------+-------++-------
Melee: Long sword        |    31 |       |       ||    31
       Falchion          |    40 |   101 |   345 ||   486
       Unarmed           |       |       |    99 ||    99
       Punch             |       |       |     6 ||     6
 Cast: Summon Small Mamm |     2 |    14 |    23 ||    39
       Poisonous Vapours |       |     3 |     2 ||     5
       Spider Form       |       |       |    11 ||    11
  Use: Scroll            |       |       |     6 ||     6
 Stab: Sleeping          |       |     2 |     4 ||     6
       Distracted        |       |       |     3 ||     3
Armor: Leather armour    |    13 |    26 |    92 ||   131
       Skin              |       |       |     5 ||     5
Dodge: Dodged            |    55 |    66 |   319 ||   440
       Rpst.: Long sword |    10 |       |       ||    10
       Falchion          |     6 |    18 |    53 ||    77

Table legend: (Time is in decaauts)
 A = Elapsed time spent in this place.
 B = Non-inter-level travel time spent in this place.
 C = Inter-level travel time spent in this place.
 D = Time resting spent in this place.
 E = Time spent auto-exploring this place.
 F = Levels seen in this place.
 G = Mean time per level.
                   A        B        C        D        E       F      G
               +--------+--------+--------+--------+--------+-----+--------+
         Total |  10546 |  10148 |    398 |   1339 |   6936 |   8 | 1318.2 |
       Dungeon |  10011 |   9613 |    398 |   1339 |   6667 |   7 | 1430.1 |
       Ossuary |    535 |    535 |      0 |      0 |    269 |   1 |  535.0 |
               +--------+--------+--------+--------+--------+-----+--------+

Top non-repeatable levels by time:
     D:4: 2195 daAuts
     D:2: 1760 daAuts
     D:3: 1590 daAuts
     D:6: 1581 daAuts
     D:5: 1354 daAuts
     D:1: 1047 daAuts
 Ossuary: 535 daAuts
     D:7: 481 daAuts
